 Dungeon Crawl Stone Soup version 0.30-a0-860-g512cf1e979 (webtiles) character file.

Game seed: 18096265337662161962

125 qeuew the Conjurer (level 4, -3/24 HPs)
             Began as a Deep Elf Conjurer on Mar 7, 2023.
             Constricted to death by Dowan (4 damage)
             ... on level 4 of the Dungeon.
             The game lasted 00:03:13 (2435 turns).

qeuew the Conjurer (Deep Elf Conjurer)              Turns: 2435, Time: 00:03:14

Health: -3/24      AC:  7    Str:  4    XL:     4   Next: 82%
Magic:  3/12       EV:  3    Int: 25    God:
Gold:   128        SH:  5    Dex: 15    Spells: 8/11 levels left

rFire   + + +      SeeInvis .    c - +2 rapier (freeze)
rCold   + + .      Faith    .    (no shield)
rNeg    . . .      Spirit   .    h - +1 scale mail of the Fletcher {rF+++ rC++ Will- Dex+2}
rPois   .          Reflect  +    (no helmet)
rElec   .          Rampage  .    (no cloak)
rCorr   .                        (no gloves)
Will    .....                    (no boots)
Stlth   +                        f - amulet of reflection
HPRegen 0.24/turn                (no ring)
MPRegen 0.13/turn                (no ring)

@: grasped by roots, constricted
A: no striking features
a: no special abilities


You were on level 4 of the Dungeon.
You visited 1 branch of the dungeon, and saw 4 of its levels.

You collected 128 gold pieces.

Inventory:

Hand Weapons
 c - a +2 rapier of freezing (weapon)
Missiles
 e - a throwing net
Armour
 h - the +1 scale mail of the Fletcher (worn) {rF+++ rC++ Will- Dex+2}
   (You acquired it on level 2 of the Dungeon)

   Dex:       It affects your dexterity (+2).
   rF:        It renders you almost immune to fire.
   rC:        It greatly protects you from cold.
   Will:      It decreases your willpower.
Jewellery
 f - an amulet of reflection (around neck)
Scrolls
 g - a scroll of summoning
 i - a scroll of identify
 k - a scroll of teleportation
 l - a scroll of fear {unknown}
Potions
 a - 2 potions of heal wounds
 b - a potion of magic
 d - a potion of brilliance
 j - a potion of lignification


   Skills:
 + Level 1.2 Short Blades
 + Level 1.0 Armour
 + Level 3.1 Dodging
 + Level 3.1 Stealth
 * Level 4.3 Spellcasting
 * Level 5.1 Conjurations


You had 8 spell levels left.
You knew the following spells:

 Your Spells              Type           Power      Damage    Failure   Level
a - Magic Dart            Conj           100%       1d8       36%         1
b - Searing Ray           Conj           62%        2d6       52%         2

Your spell library contained the following spells:

 Spells                   Type           Power      Damage    Failure   Level
 Beastly Appendage        Tmut           10%        N/A       98%         1
 Necrotise                Necr           20%        1d5       98%         1
 Dazzling Flash           Conj/Hex       36%        N/A       98%         3
 Cigotuvi's Dreadful Rot  Necr/Pois/Air  10%        N/A       99%         2
 Wereblood                Tmut           5%         N/A       99%         2
 Ignite Poison            Fire/Tmut/Pois 5%         N/A       100%        3
 Kindle Blastsparks       Fire/Tloc/Air  10%        2d10      100%        3
 Spider Form              Tmut/Pois      5%         N/A       100%        3
 Vampiric Draining        Necr           5%         2d6       100%        3
 Fulminant Prism          Conj/Hex       9%         3d7       100%        4
 Iskenderun's Mystic Bla  Conj/Tloc      18%        2d6       100%        4
 Agony                    Necr           5%         N/A       100%        5
 Fireball                 Conj/Fire      9%         3d6       100%        5
 Malign Gateway           Summ/Tloc      2%         N/A       100%        7
 Summon Horrible Things   Summ           2%         N/A       100%        8


Dungeon Overview and Level Annotations

Branches:
Dungeon (4/15)
 Temple: D:4-7

Altars:
Xom

Shops:
D:3 [

Annotations:
D:4 Dowan, Duvessa


Message History

Dowan casts a spell at Duvessa.
Duvessa seems to speed up.
There are monsters nearby!
The magic dart hits Duvessa but does no damage.
Duvessa is lightly wounded.
The magic dart hits Duvessa but does no damage.
Duvessa is lightly wounded.
You block Duvessa's attack.
Casting: Magic Dart (safe; 36% risk of failure)
Confirm with . or Enter, or press ? or * to list all spells.
The spell is quite dangerous to miscast (52% risk of failure)!
Continue anyway?
Aiming: Searing Ray (quite dangerous; 52% risk of failure)
Press: ? - help, Shift-Dir - straight line, f/p - Duvessa
Aim: Duvessa, wielding a +0 short sword and wearing a +0 chain mail (lightly wounded, fast, 87% to hit)
The searing ray hits Duvessa but does no damage.
Duvessa is lightly wounded. (Press . to maintain the ray.) Duvessa says, "Where magic fails, the sword succeeds!"
Duvessa barely misses you.
Dowan casts a spell.
Dowan blinks!
The searing ray hits Duvessa.
Duvessa is moderately wounded.
Duvessa hits you with a +0 short sword. x2
The searing ray hits Duvessa.
Duvessa is moderately wounded.
Duvessa hits you but does no damage.
The searing ray hits Duvessa!
Duvessa is heavily wounded.
You finish channelling your searing ray.
Duvessa hits you with a +0 short sword!
Duvessa says, "Where magic fails, the sword succeeds!"
Duvessa hits you with a +0 short sword. Duvessa hits you with a +0 short sword!
* * * LOW HITPOINT WARNING * * *
You block Duvessa's attack.
Dowan zaps a wand.
The roots erupt in riotous growth!
The grasping roots grab you!
Duvessa is unaffected.
The grasping roots constrict you.
You die...

#......# #......#
##.################
.######'##.#............
........................
.............#..........
.............#..........
.............#.........(
...##..###..##..@e......
### #.. #..####'###+#..
#... .... e.. #...
........... .......
##....##. #....# .#
.?...# .


You could see Duvessa (fast) and Dowan.

Vanquished Creatures
  Terence (D:2)
  Jessica (D:2)
  A gnoll (D:1)
  An adder (D:4)
  4 worms (D:2)
  A dart slug (D:3)
  An orc (D:3)
  2 endoplasms
  A giant cockroach (D:2)
  5 goblins
  4 hobgoblins
  3 kobolds
  4 quokkas
  3 ball pythons
  2 bats
  5 frilled lizards
  3 rats
42 creatures vanquished.

Notes
Turn   | Place    | Note
-------+----------+-------------------------------------------
     0 | D:1      | qeuew the Deep Elf Conjurer began the quest for the Orb.
     0 | D:1      | Reached XP level 1. HP: 10/10 MP: 6/6
   160 | D:1      | Got Fintue's Handbook of Molten Toxicants
   247 | D:1      | Reached XP level 2. HP: 10/15 MP: 0/8
   901 | D:2      | Reached XP level 3. HP: 19/19 MP: 7/10
   904 | D:2      | Learned a level 2 spell: Searing Ray
  1180 | D:2      | Noticed Terence
  1194 | D:2      | Killed Terence
  1195 | D:2      | Reached skill level 1 in Short Blades
  1318 | D:2      | Reached XP level 4. HP: 24/24 MP: 8/11
  1538 | D:2      | Reached skill level 5 in Conjurations
  1558 | D:2      | Noticed Jessica
  1564 | D:2      | Killed Jessica
  1698 | D:2      | Identified a scroll of acquirement
  1698 | D:2      | Acquired the +1 scale mail of the Fletcher {rF+++ rC++
                  | Will- Dex+2}
  1735 | D:3      | Reached skill level 1 in Armour
  1778 | D:3      | Found a faded altar of an unknown god.
  1785 | D:3      | Identified the +5 quarterstaff of Victory {flame, rPois
                  | Int+8 Dex-5 Stlth-}
  2010 | D:3      | Found a shimmering altar of Xom.
  2036 | D:3      | Found Ecuduwao's Armour Shop.
  2424 | D:4      | Noticed Duvessa
  2425 | D:4      | Noticed Dowan
  2434 | D:4      | HP: 1/24 [Duvessa/+0 short sword (7)]
  2435 | D:4      | Constricted to death by Dowan

Illustrated notes

Levels and vault maps discovered:
D:1:      beargit_arrival_greenhouse, layout_loops_cross
D:2:      layout_rooms, uniq_terence, uniq_jessica
D:3:      layout_rooms, mainiacjoe_overflow_brackets, serial_shops, shop,
          ebering_ecumenical_altar_petrified
D:4:      layout_gridville, uniq_duvessa

Skill      XL: |  1  2  3  4 |
---------------+-------------+-----
Short Blades   | 1 |  1.2
Stealth        | 3 |  3.1
Conjurations   | 5 |  5.1
Dodging        | 3 |  3.1
Spellcasting   | 4 |  4.3
Armour         | 1 |  1.0

Action                     |  1- 3 |  4- 6 || total
---------------------------+-------+-------++-------
  Melee: Rapier            |     4 |       ||     4
   Cast: Magic Dart        |    67 |    43 ||   110
         Searing Ray       |       |     1 ||     1
    Use: Scroll            |     3 |     5 ||     8
         Potion            |     1 |     4 ||     5
 Armour: Scale mail        |       |     3 ||     3
  Dodge: Dodged            |     8 |     2 ||    10
  Block: Other             |       |     2 ||     2

Table legend: (Time is in decaauts)
 A = Elapsed time spent in this place.
 B = Non-inter-level travel time spent in this place.
 C = Inter-level travel time spent in this place.
 D = Time resting spent in this place.
 E = Time spent auto-exploring this place.
 F = Levels seen in this place.
 G = Mean time per level.
                   A        B        C        D        E       F      G
               +--------+--------+--------+--------+--------+-----+--------+
         Total |   2434 |   2371 |     63 |      0 |   2102 |   4 |  608.5 |
       Dungeon |   2434 |   2371 |     63 |      0 |   2102 |   4 |  608.5 |
               +--------+--------+--------+--------+--------+-----+--------+

Top non-repeatable levels by time:
     D:2: 885 daAuts
     D:1: 842 daAuts
     D:3: 512 daAuts
     D:4: 193 daAuts
